 Dungeon Crawl Stone Soup version 0.17.0-9-g801d43b (webtiles) character file.

2313 4thArraOfDagon the Cleaver (level 9, -1/48 HPs)
             Began as a Vine Stalker Berserker on Nov 9, 2015.
             Was a Believer of Trog.
             Slain by a two-headed ogre
             ... wielding a +0 giant spiked club
              (5 damage)
             ... on level 8 of the Dungeon.
             The game lasted 00:06:34 (1177 turns).

4thArraOfDagon the Cleaver (Vine Stalker Berserker) Turns: 1177, Time: 00:06:34

Health: -1/48      AC:  8    Str: 23      XL:     9   Next: 41%
Magic:  0/10       EV: 13    Int:  7 (8)  God:    Trog [**....]
Gold:   135        SH:  0    Dex: 11      Spells: 0 memorised, 8 levels left

rFire  . . .     SeeInvis +     i - +0 war axe
rCold  . . .     Clarity  .     j - +0 scale mail
rNeg   . . .     SustAt   .     (no shield)
rPois  +         Gourm    .     (helmet restricted)
rElec  .         Spirit   +     o - +0 cloak
rCorr  .         Warding  .     (no gloves)
rMut   .         Stasis   .     (no boots)
MR     +....                    (no amulet)
Stlth  ..........               n - +3 ring of evasion
                                k - ring of see invisible

@: exhausted, slowed, very slow, somewhat resistant to hostile enchantments,
extremely unstealthy
A: antennae 1, fangs 3, clumsy 1, deterioration 1, poison resistance,
regeneration 2, magic shield, antimagic bite, no device heal 3, rot immunity
a: Berserk, Trog's Hand, Burn Spellbooks, Renounce Religion


You were on level 8 of the Dungeon.
You worshipped Trog.
Trog was pleased with you.
You were hungry.

You visited 1 branch of the dungeon, and saw 8 of its levels.

You collected 135 gold pieces.

Inventory:

Hand Weapons
 i - a +0 war axe (weapon)
Armour
 j - a +0 scale mail (worn)
 m - a +2 helmet of intelligence
 o - a +0 cloak (worn)
Magical Staves
 e - a cursed staff of power {unknown}
Jewellery
 k - a ring of see invisible (left hand)
 n - a +3 ring of evasion (right hand)
Wands
 s - a wand of teleportation (0)
 w - a wand of random effects (20)
 x - a wand of paralysis (0)
Scrolls
 d - 2 scrolls of teleportation {unknown}
 f - 2 scrolls of remove curse {unknown}
 g - 2 scrolls of recharging {unknown}
 p - a scroll of noise {unknown}
 q - 3 scrolls of immolation {unknown}
 r - a scroll of fog {unknown}
 v - a scroll of enchant weapon {unknown}
 y - a scroll of acquirement {unknown}
Potions
 h - 3 potions of lignification
 t - a potion of agility
 u - a potion of cure mutation
 z - a potion of curing {unknown}
 A - a potion of resistance {unknown}
Comestibles
 a - 3 fruits
 b - a beef jerky
 c - 2 bread rations
 l - 6 chunks of flesh


   Skills:
 + Level 6.2 Fighting
 * Level 8.5 Axes
 + Level 5.2 Armour
 - Level 1.5 Dodging


You had 8 spell levels left.
You didn't know any spells.

Dungeon Overview and Level Annotations

Branches:
Dungeon (8/15)
 Temple: D:4-7         Lair: D:8-11

Altars:
Elyvilon
Okawaru
Vehumet
Xom

Annotations:
D:4 Menkaure


Innate Abilities, Weirdness & Mutations

You have razor-sharp teeth.
You heal very quickly.
When hurt, damage is shared between your health and your magic reserves.
Your bite disrupts and absorbs the magic of your enemies.
Potions and wands cannot restore your health.
You are immune to rotting.
You have a pair of small antennae on your head.
You are clumsy. (Dex -2)
Your body sometimes deteriorates upon taking damage.
Your system is resistant to poisons.


Message History

Zapping:
x - a wand of paralysis {zapped: 2} (will waste charges)
Press: ? - help, Shift-Dir - straight line, f/p - two-headed ogre
Aim: a two-headed ogre, wielding a giant spiked club and a giant club (chance to defeat MR: 28%)
The two-headed ogre easily resists.
Evoking this partially-identified wand wasted a few charges.
The two-headed ogre hits you with a giant spiked club.
* * * LOW HITPOINT WARNING * * *
The two-headed ogre hits you with a giant club!
* * * LOW HITPOINT WARNING * * *
Unknown command.
Unknown command.
Evoke which item? (* to show all) (? for menu, Esc to quit)
Zapping:
x - a wand of paralysis {zapped: 5} (will waste charges)
Press: ? - help, Shift-Dir - straight line, f/p - two-headed ogre
Aim: a two-headed ogre, wielding a giant spiked club and a giant club (chance to defeat MR: 28%)
The two-headed ogre easily resists.
Evoking this partially-identified wand wasted a few charges.
The two-headed ogre closely misses you.
The two-headed ogre hits you with a giant club!
You die...

### #.# #.#
#.# #
###.##.#
#.@O.).#
#.#)####
#.#.# #.#..
#.###.
####### #.#
.# ......#
#.# # #####.#
#.#
#.#########.#


You could see a two-headed ogre.

Vanquished Creatures
  Pikel (D:4)
  A griffon (D:6)
  A yak (D:7)
  A hog (D:6)
  2 wargs (D:8)
  A sky beast (D:8)
  3 black bears
  2 ogres (D:8)
  2 centaurs
  2 giant frogs
  A water moccasin zombie (D:8)
  An orc wizard (D:3)
  An orc priest (D:3)
  2 hounds
  2 iguanas
  A worker ant (D:5)
  Robin (D:3)
  3 adders
  4 gnolls (D:4)
  An ooze (D:3)
  A worm (D:4)
  5 giant geckos
  8 orcs
  A bat skeleton (D:6)
  13 goblins
  3 hobgoblins (D:3)
  A jackal (D:6)
  A quokka (D:4)
  A bat (D:3)
  2 giant newts
  2 kobolds
  A quokka zombie (D:6)
  4 rats
76 creatures vanquished.

Notes
Turn   | Place    | Note
--------------------------------------------------------------
     0 | D:1      | 4thArraOfDagon the Vine Stalker Berserker began the quest for the Orb.
     0 | D:1      | Reached XP level 1. HP: 11/11 MP: 2/2
    59 | D:2      | Reached skill level 3 in Axes
    59 | D:2      | Reached XP level 2. HP: 13/16 MP: 0/3
    72 | D:2      | Found a faded altar to an unknown god.
    94 | D:2      | Found a white marble altar of Elyvilon.
   106 | D:2      | Found a radiant altar of Vehumet.
   132 | D:3      | Reached XP level 3. HP: 20/20 MP: 4/4
   137 | D:3      | Reached XP level 4. HP: 24/24 MP: 5/5
   179 | D:3      | Found a shimmering altar of Xom.
   184 | D:3      | Found a shimmering altar of Xom.
   186 | D:3      | Found a shimmering altar of Xom.
   186 | D:3      | Found a shimmering altar of Xom.
   225 | D:3      | Reached ** piety under Trog
   238 | D:3      | Noticed Robin
   258 | D:3      | Killed Robin
   282 | D:3      | Reached skill level 4 in Axes
   292 | D:3      | Reached XP level 5. HP: 25/28 MP: 4/6
   414 | D:4      | Noticed Menkaure
   422 | D:5      | Entered Level 5 of the Dungeon
   507 | D:4      | Gained mutation: You heal very quickly. [Vine Stalker growth]
   507 | D:4      | Reached XP level 6. HP: 21/33 MP: 5/7
   516 | D:4      | Noticed a slave
   516 | D:4      | Noticed a slave
   517 | D:4      | Noticed a slave
   517 | D:4      | Noticed a slave
   522 | D:4      | Noticed Pikel
   528 | D:4      | Killed Pikel
   528 | D:4      | Reached skill level 5 in Axes
   528 | D:4      | Reached XP level 7. HP: 32/38 MP: 8/8
   656 | D:5      | Noticed a centaur
   666 | D:5      | Killed a centaur
   734 | D:6      | Reached skill level 6 in Axes
   771 | D:7      | Noticed a polar bear
   772 | D:7      | Found a huge runed gate.
   772 | D:7      | Noticed a yak
   772 | D:7      | Noticed a griffon
   773 | D:7      | Found a huge runed gate.
   773 | D:7      | Found a huge runed gate.
   773 | D:7      | Found a huge runed gate.
   773 | D:7      | Noticed a hog
   773 | D:7      | Noticed a griffon
   774 | D:7      | Noticed a hippogriff
   776 | D:7      | Noticed a polar bear
   781 | D:7      | Noticed a polar bear
   800 | D:7      | Gained mutation: You have razor-sharp teeth. [Vine Stalker growth]
   800 | D:7      | Reached XP level 8. HP: 42/42 MP: 9/9
   802 | D:7      | Reached skill level 5 in Fighting
   809 | D:7      | Killed a yak
   908 | D:6      | Killed a hog
   908 | D:6      | Reached skill level 7 in Axes
   912 | D:6      | Killed a griffon
   999 | D:5      | Reached XP level 9. HP: 40/48 MP: 10/10
  1002 | D:5      | Found an iron altar of Okawaru.
  1072 | D:8      | Gained mutation: You are clumsy. (Dex -2) [mutagenic meat]
  1073 | D:8      | Gained mutation: You have a pair of small antennae on your head. [mutagenic meat]
  1074 | D:8      | Gained mutation: Your system is resistant to poisons. [mutagenic meat]
  1075 | D:8      | Gained mutation: Your body sometimes deteriorates upon taking damage. [mutagenic meat]
  1098 | D:8      | Reached skill level 8 in Axes
  1098 | D:8      | Reached skill level 5 in Armour
  1177 | D:8      | Slain by a two-headed ogre

Action                   |  1- 3 |  4- 6 |  7- 9 || total
-------------------------+-------+-------+-------++-------
Melee: Hand axe          |    20 |       |       ||    20
       War axe           |       |    80 |    76 ||   156
Invok: Berserk           |     2 |     3 |     4 ||     9
       Trog's Hand       |       |     2 |     3 ||     5
Evoke: Wand              |       |       |     4 ||     4
  Use: Scroll            |       |       |     5 ||     5
  Eat: Chunk             |       |     3 |    11 ||    14
